 Dungeon Crawl Stone Soup version 0.23.2-33-g5129a83184 (webtiles) character file.

Game seed: 10680562565986373485

168123 shadizar the Blocker (level 17, -8/112 HPs)
             Began as a Gargoyle Fighter on June 29, 2019.
             Was an Elder of Okawaru.
             Mangled by Polyphemus (11 damage)
             ... on level 3 of the Shoals.
             The game lasted 01:07:40 (26975 turns).

shadizar the Blocker (Gargoyle Fighter)            Turns: 26975, Time: 01:07:41

Health: -8/112     AC: 35    Str: 27    XL:     17   Next: 94%
Magic:  33/33      EV: 17    Int: 11    God:    Okawaru [****..]
Gold:   2668       SH: 30    Dex: 15    Spells: 16/16 levels left

rFire    + + .     SeeInvis +   u - +10 whip of the Butterfly {elec, MP+9 Dex+2}
rCold    + + +     Gourm    .   V - +1 large shield {rC+}
rNeg     + + +     Faith    .   m - +0 plate armour
rPois    ∞         Spirit   .   P - +3 crown of Dyrovepreva {rElec Int+2 SInv}
rElec    +         Reflect  +   k - scarf {rC+ rF+}
rCorr    .         Harm     .   z - +2 pair of gloves of Hedging {rF+ rC+ rN+}
MR       ++...                  j - +0 pair of boots
Stlth    ..........             t - amulet "Ducroen" {Reflect +Fly Str+2 Dex+4 SH+5}
HPRegen  0.28/turn              d - ring of protection from magic
MPRegen  0.23/turn              q - ring of positive energy

@: heroism, flying
A: big wings, deformed body, dopey 1, negative energy resistance 1, electricity
resistance, unbreathing, petrification resistance, rot immunity, AC +12
a: Stop Flying, Heroism, Renounce Religion


You were on level 3 of the Shoals.
You worshipped Okawaru.
Okawaru was greatly pleased with you.
You were not hungry.

You visited 5 branches of the dungeon, and saw 27 of its levels.
You also visited: Ice Cave and Volcano.

You collected 3270 gold pieces.
You spent 602 gold pieces at shops.

Inventory:

Hand Weapons
 g - the cursed +3 mace of Focus {crush, rElec rPois rN+, unknown}
   (You found it on level 2 of the Shoals)

   It inflicts extra damage upon your enemies.
   It insulates you from electricity.
   It protects you from poison.
   It protects you from negative energy.
   It has a curse placed upon it.
 n - a +5 eveningstar of venom
 u - the +10 whip of the Butterfly (weapon) {elec, MP+9 Dex+2}
   (You found it on level 4 of the Dungeon)

   Occasionally, upon striking a foe, it will discharge some electrical energy
   and cause terrible harm.
   It affects your dexterity (+2).
   It affects your magic capacity (+9).
 X - a +3 fustibalus of flaming
Missiles
 a - 662 stones (quivered)
 L - 208 sling bullets
Armour
 j - a +0 pair of boots (worn)
 k - a scarf of resistance (worn)
 m - a +0 plate armour (worn)
 z - the +2 pair of gloves of Hedging (worn) {rF+ rC+ rN+}
   (You bought it in a shop on level 2 of the Orcish Mines)

   It protects you from fire.
   It protects you from cold.
   It protects you from negative energy.
 P - the +3 crown of Dyrovepreva (worn) {rElec Int+2 SInv}
   (You found it on level 1 of the Lair of Beasts)

   It affects your intelligence (+2).
   It insulates you from electricity.
   It lets you see invisible.
 R - a +2 cloak of fire resistance
 U - a +0 cloak of cold resistance
 V - a +1 large shield of cold resistance (worn)
Jewellery
 b - the amulet of Suvutais {Faith rF+}
   (You acquired it on level 2 of the Orcish Mines)

   [amulet of faith]

   It allows you to gain divine favour quickly.
   It protects you from fire.
 d - a ring of protection from magic (left hand)
 q - a ring of positive energy (right hand)
 t - the amulet "Ducroen" (around neck) {Reflect +Fly Str+2 Dex+4 SH+5}
   (You found it on level 1 of the Shoals)

   [amulet of reflection]

   It shields you and reflects attacks.
   It affects your strength (+2).
   It affects your dexterity (+4).
   It lets you fly.
   It affects your SH (+5).
 H - an uncursed ring of protection from fire
 Z - an uncursed ring of protection from fire
Wands
 s - a wand of clouds (22)
 w - a wand of acid (21)
 M - a wand of iceblast (21)
Scrolls
 c - 19 scrolls of identify
 h - 11 scrolls of remove curse
 i - 4 scrolls of enchant weapon
 r - 3 scrolls of amnesia
 v - 3 scrolls of blinking
 B - 4 scrolls of magic mapping
 G - 5 scrolls of enchant armour
 K - 8 scrolls of teleportation
Potions
 e - 4 potions of ambrosia
 A - 11 potions of curing
 C - 10 potions of haste
 E - 5 potions of agility
 N - 2 potions of cancellation
 O - 2 potions of resistance
 Q - 3 potions of berserk rage
 S - 6 potions of heal wounds
 T - 5 potions of might
Miscellaneous
 o - a lightning rod (4/4)
Comestibles
 f - 51 rations


   Skills:
 + Level 14.6(19.6) Fighting
 + Level 13.7(18.7) Maces & Flails
 + Level 14.5(19.5) Armour
 + Level 11.1(16.1) Dodging
 + Level 14.7(19.7) Shields
 - Level 10.0 Invocations
 + Level 7.1 Evocations


You had 16 spell levels left.
You didn't know any spells.
Your spell library contained the following spells:

 Spells                   Type           Power        Failure   Level  Hunger
 Freeze                   Ice            #...         98%         1    ##.....
 Magic Dart               Conj           #...         98%         1    ##.....
 Blink                    Tloc           N/A          99%         2    ###....
 Call Imp                 Summ           #.......     99%         2    ###....
 Corpse Rot               Necr           N/A          99%         2    ###....
 Searing Ray              Conj           #.....       99%         2    ###....
 Slow                     Hex            #.......     99%         2    ###....
 Throw Frost              Conj/Ice       #.....       99%         2    ###....
 Conjure Flame            Conj/Fire      #.......     100%        3    ####...
 Dazzling Spray           Conj/Hex       #.....       100%        3    ####...
 Mephitic Cloud           Conj/Pois/Air  #.......     100%        3    ####...
 Ozocubu's Armour         Chrm/Ice       #.......     100%        3    ####...
 Recall                   Summ/Tloc      N/A          100%        3    ####...
 Force Lance              Conj/Tloc      #.......     100%        4    #####..
 Fulminant Prism          Conj/Hex       #.........   100%        4    #####..
 Iskenderun's Mystic Bla  Conj           #.......     100%        4    #####..
 Summon Ice Beast         Ice/Summ       #.......     100%        4    #####..
 Throw Icicle             Conj/Ice       #.......     100%        4    #####..
 Agony                    Necr           #.......     100%        5    ######.
 Aura of Abjuration       Summ           #.........   100%        5    ######.
 Bolt of Draining         Conj/Necr      #.........   100%        5    ######.
 Dispel Undead            Necr           #.......     100%        5    ######.
 Excruciating Wounds      Chrm/Necr      #.........   100%        5    ######.
 Summon Demon             Summ           #.........   100%        5    ######.
 Summon Forest            Summ/Tloc      #.........   100%        5    ######.
 Summon Mana Viper        Hex/Summ       #.......     100%        5    ######.
 Shadow Creatures         Summ           N/A          100%        6    #######
 Sublimation of Blood     Necr           Unusable     N/A         2    N/A

Dungeon Overview and Level Annotations

Branches:
Dungeon (15/15)            Temple (1/1) D:7            Lair (6/6) D:8
 Shoals (3/4) Lair:2       Spider (0/4) Lair:3          Orc (2/2) D:11
    Elf (0/3) Orc:2        Vaults (0/5) D:14         Depths (0/5) D:15
  Slime: Lair:5-6

Altars:
Ashenzari
Cheibriados
Dithmenos
Elyvilon
Fedhas
Gozag
Hepliaklqana
Kikubaaqudgha
Makhleb
Nemelex Xobeh
Okawaru
Qazlal
Ru
Sif Muna
Trog
Uskayaw
Vehumet
Wu Jian
Xom
Yredelemnul
Zin
The Shining One

Shops:
D:9 *   Orc:2 [*(*

Annotations:
Lair:4 exclusion: 4 oklob plants
Lair:6 exclusion: oklob plant
Shoals:3 Polyphemus


Innate Abilities, Weirdness & Mutations

You are resistant to torment.
Your stone body is resilient. (AC +12)
You are immune to poison.
Your large and strong wings let you fly indefinitely.
You resist negative energy. (rN+)
You are resistant to electric shocks. (rElec)
You can survive without breathing.
You are immune to petrification.
You are immune to rotting.
Armour fits poorly on your strangely shaped body.
You are dopey. (Int -2)


Message History

You are too injured to fight recklessly!
You hit Polyphemus. Lightning courses through Polyphemus!
Polyphemus is severely wounded.
You block the death yak's attack. x2
You whack Polyphemus! Lightning courses through Polyphemus!
Polyphemus is almost dead.
You block the catoblepas's attack. You block the death yak's attack.
The alligator snapping turtle bites you from afar!!
* * * LOW HITPOINT WARNING * * *
The death yak gores you but does no damage.
The death yak misses you.
You feel much better. You block the catoblepas's attack.
The death yak gores you! You block the death yak's attack.
The alligator snapping turtle bites you from afar!
* * * LOW HITPOINT WARNING * * *
Polyphemus says, "Trying to escape from me is pointless!"
Polyphemus hits you!!
* * * LOW HITPOINT WARNING * * *
Polyphemus hits you!
You die...

≈≈....≈P≈≈≈......##...
≈≈≈≈≈≈≈≈P≈≈≈≈...........
≈≈≈≈≈≈≈≈≈≈≈≈≈≈..≈≈≈.....
≈≈≈≈≈≈≈≈≈≈≈P≈≈P≈≈≈≈≈....
≈≈≈≈≈≈≈≈≈≈≈≈≈≈≈≈≈≈≈≈≈?≈≈
≈≈≈≈≈≈≈≈≈≈P≈≈≈≈≈..≈≈≈≈≈≈
≈≈≈≈≈≈≈≈≈P≈≈≈≈≈≈..≈≈≈≈≈≈
≈≈≈≈≈≈≈≈≈≈≈≈≈≈≈PYY≈≈≈≈≈.
≈≈≈≈≈≈≈≈≈≈P≈≈≈≈Y@Ct≈P≈..
≈≈≈≈≈≈≈≈≈≈≈P≈≈≈PY†.≈≈≈..
≈≈≈≈≈≈≈≈≈≈≈≈PP≈≈≈≈≈≈PPPP
≈≈≈≈≈≈≈≈≈≈≈≈≈≈≈P≈.#.≈≈P.
≈≈≈≈≈≈≈≈≈≈P≈P≈≈≈≈.##.≈..
≈≈≈≈≈≈≈≈≈P≈P≈P≈≈≈.. ≈P≈.
≈≈≈≈P≈≈≈≈PP≈.. ≈≈≈
≈≈≈≈≈≈≈≈≈≈..≈ ≈≈


You could see Polyphemus, an alligator snapping turtle, 3 death yaks and a
catoblepas.

Vanquished Creatures
  Jorgrun (D:13)
  The ghost of Iseqoh the Tortoise, an adept DDFi of Makhleb (Shoals:1)
  A titan (Shoals:2)
  A sphinx (D:13)
  Kirke (D:15)
  A tengu reaver (D:13)
  Roxanne (D:14)
  2 orc warlords
  2 frost giants (Shoals:2)
  Azrael (D:15)
  A white draconian (IceCv)
  An ettin (D:11)
  3 merfolk impalers
  Harold (D:7)
  3 fire dragons
  5 slime creatures (D:13)
  3 ogre magi
  Fannar (D:10)
  An ice dragon (D:15)
  8 hydras
  A rakshasa (D:15)
  A centaur warrior (D:13)
  2 death knights
  A merfolk avatar (Shoals:2)
  10 death yaks
  15 two-headed ogres
  Urug (D:13)
  A satyr (Shoals:2)
  3 tengu warriors
  Sonja (D:10)
  A deep troll earth mage (D:13)
  3 skeletal warriors
  3 sea snakes
  2 deep trolls
  5 unseen horrors
  A wizard (D:14)
  14 harpies
  4 orc knights
  A phantasmal warrior (D:11)
  2 necromancers (D:14)
  11 ugly things
  A wolf spider (D:14)
  An orc sorcerer (Orc:2)
  2 deep elf magi
  13 manticores
  3 fauns (Shoals:2)
  3 salamanders (Volcano)
  7 cyclopes
  2 moths of wrath (Lair:6)
  18 elephants
  2 ice statues (IceCv)
  A torpor snail (Lair:6)
  3 merfolk sirens
  6 black mambas
  2 water nymphs
  Joseph (D:8)
  A gargoyle (D:15)
  9 spiny frogs
  A spectral sea snake (Shoals:1)
  2 kobold demonologists
  An efreet (D:15)
  7 komodo dragons
  2 freezing wraiths
  4 rime drakes
  2 ice devils (Lair:2)
  14 trolls
  A queen bee (Lair:4)
  2 wind drakes (Shoals:2)
  12 merfolk
  15 polar bears
  3 meliai (Lair:4)
  5 hornets
  7 blink frogs
  12 tyrant leeches (Lair:6)
  6 snapping turtles
  11 hippogriffs
  A shadow (D:13)
  A spectral wind drake (Shoals:1)
  8 dream sheep (Lair:6)
  2 vampires
  44 yaks
  A water elemental (Shoals:2)
  12 spriggans (Lair:6)
  2 centaur simulacra
  7 wyverns
  A hog (shapeshifter) (D:13)
  6 fire bats (Volcano)
  3 wraiths
  A fire elemental (D:15)
  A sea snake simulacrum (Shoals:1)
  2 hogs (D:15)
  5 steam dragons
  3 basilisks
  4 hungry ghosts
  2 vampire mosquitoes (D:13)
  A harpy simulacrum (Shoals:1)
  3 swamp worms (Lair:6)
  Menkaure (D:6)
  7 wargs
  A soldier ant (D:13)
  9 water moccasins
  6 porcupines
  Duvessa (D:6)
  3 hell hounds (D:15)
  19 orc warriors
  A sky beast (D:5)
  An eye of draining (D:13)
  2 phantoms
  7 black bears
  A hornet zombie (D:13)
  7 ice beasts
  A necrophage (D:11)
  32 ogres
  50 wolves
  4 boggarts (Lair:6)
  14 centaurs
  17 crocodiles
  2 big kobolds
  18 bullfrogs
  3 merfolk simulacra (Shoals:1)
  A water moccasin zombie (D:2)
  A gnoll sergeant (D:11)
  A scorpion (D:8)
  Dowan (D:7)
  39 killer bees
  14 wights
  A manticore simulacrum (Shoals:1)
  6 howler monkeys
  3 electric eels
  11 crimson imps
  4 centaur zombies
  4 bullfrog zombies
  9 jellies
  6 hounds
  22 orc wizards
  A bullfrog skeleton (D:9)
  A quasit (D:12)
  16 orc priests
  5 centaur skeletons
  8 iguanas
  9 worker ants
  A hell rat (Lair:4)
  A killer bee zombie (D:6)
  A worker ant zombie (D:10)
  A howler monkey skeleton (D:4)
  15 adders
  7 gnolls
  A river rat (Lair:4)
  3 shadow imps
  2 white imps (D:11)
  3 oozes
  7 worms
  2 dart slugs (D:2)
  81 orcs
  A ball python (D:3)
  12 bats
  10 giant cockroaches
  17 hobgoblins
  12 jackals
  21 kobolds
  11 quokkas
  10 frilled lizards
  9 goblins
  A quokka skeleton (D:5)
  2 rats
  2 plants (D:13)
1017 creatures vanquished.

Vanquished Creatures (others)
  A wizard (D:14)
  A cyclops (Shoals:2)
  A human (D:15)
  An ice beast (D:13)
  A killer bee (Lair:4)
  An orc (Orc:2)
  13 fungi
  15 plants
34 creatures vanquished.

Grand Total: 1051 creatures vanquished

Notes
Turn   | Place    | Note
-------+----------+-------------------------------------------
     0 | D:1      | shadizar the Gargoyle Fighter began the quest for the Orb.
     0 | D:1      | Reached XP level 1. HP: 14/14 MP: 1/1
    86 | D:1      | Reached XP level 2. HP: 14/19 MP: 2/2
   406 | D:1      | Reached XP level 3. HP: 21/23 MP: 3/3
   974 | D:2      | Reached XP level 4. HP: 24/29 MP: 4/4
  1170 | D:2      | Reached XP level 5. HP: 32/33 MP: 5/5
  1595 | D:3      | Reached XP level 6. HP: 29/38 MP: 6/6
  1875 | D:3      | Found a radiant altar of Vehumet.
  2224 | D:3      | Found a shimmering altar of Xom.
  2612 | D:4      | Found a glowing golden altar of the Shining One.
  2672 | D:4      | Reached skill level 5 in Shields
  2683 | D:4      | Found an ornate altar of the Wu Jian Council.
  2715 | D:4      | Got a twisted whip
  2746 | D:4      | Identified the +10 whip of the Butterfly {elec, MP+9 Dex+2}
                  | (You found it on level 4 of the Dungeon)
  2781 | D:4      | Reached XP level 7. HP: 44/44 MP: 7/7
  3021 | D:5      | Entered Level 5 of the Dungeon
  3058 | D:5      | Reached skill level 1 in Dodging
  3113 | D:5      | Found a bloodstained altar of Trog.
  3205 | D:5      | Reached skill level 5 in Fighting
  3257 | D:5      | Reached skill level 5 in Maces & Flails
  3712 | D:6      | Noticed a wyvern
  3721 | D:6      | Killed a wyvern
  3721 | D:6      | Reached XP level 8. HP: 35/50 MP: 8/8
  3731 | D:6      | Reached skill level 5 in Armour
  4005 | D:6      | Found a hazy altar of Hepliaklqana.
  4162 | D:6      | Noticed a two-headed ogre
  4172 | D:6      | Killed a two-headed ogre
  4172 | D:6      | Reached XP level 9. HP: 34/56 MP: 9/9
  4378 | D:6      | Found a sparkling altar of Nemelex Xobeh.
  4492 | D:7      | Noticed Menkaure
  4492 | D:7      | Noticed Duvessa
  4492 | D:7      | Noticed Dowan
  4572 | D:7      | Noticed Harold
  4583 | D:7      | Killed Harold
  5171 | D:7      | Killed Dowan
  5178 | D:6      | Killed Menkaure
  5178 | D:6      | Reached XP level 10. HP: 40/63 MP: 10/10
  5322 | D:6      | Killed Duvessa
  5404 | D:7      | Found a sacrificial altar of Ru.
  5784 | D:7      | Found a staircase to the Ecumenical Temple.
  5867 | Temple   | Entered the Ecumenical Temple
  5879 | Temple   | Became a worshipper of Warmaster Okawaru
  6027 | D:8      | Found a staircase to the Lair.
  6175 | D:8      | Noticed Joseph
  6183 | D:8      | Killed Joseph
  6308 | D:8      | Found a burning altar of Makhleb.
  6511 | D:8      | Reached skill level 5 in Dodging
  6681 | D:8      | Reached * piety under Okawaru
  6870 | Lair:1   | Entered Level 1 of the Lair of Beasts
  6893 | Lair:1   | Reached skill level 1 in Invocations
  6947 | Lair:1   | Found the +3 crown of Dyrovepreva {rElec Int+2 SInv}
  6978 | Lair:1   | Reached ** piety under Okawaru
  6981 | Lair:1   | Reached XP level 11. HP: 48/69 MP: 12/12
  7386 | Lair:1   | Reached *** piety under Okawaru
  7716 | Lair:2   | Found a dark tunnel.
  7728 | Volcano  | Entered a volcano
  7730 | Volcano  | Noticed a two-headed ogre
  7748 | Volcano  | Killed a two-headed ogre
  7770 | Volcano  | Noticed a two-headed ogre
  7771 | Volcano  | Noticed a salamander
  7782 | Volcano  | Killed a two-headed ogre
  7788 | Volcano  | Killed a salamander
  7788 | Volcano  | Reached **** piety under Okawaru
  7828 | Volcano  | Noticed a two-headed ogre
  7839 | Volcano  | Killed a two-headed ogre
  7847 | Volcano  | Noticed a salamander
  7847 | Volcano  | Noticed a two-headed ogre
  7861 | Volcano  | Killed a two-headed ogre
  7871 | Volcano  | Killed a salamander
  7894 | Volcano  | Reached XP level 12. HP: 43/77 MP: 15/15
  7941 | Volcano  | Reached ***** piety under Okawaru
  7951 | Volcano  | Reached skill level 5 in Invocations
  7963 | Volcano  | Noticed a two-headed ogre
  7968 | Volcano  | Killed a two-headed ogre
  7968 | Volcano  | Reached skill level 10 in Shields
  8032 | Volcano  | Noticed a fire dragon
  8047 | Volcano  | Killed a fire dragon
  8050 | Volcano  | Reached skill level 10 in Fighting
  8164 | Lair:2   | Found a frozen archway.
  8180 | IceCv    | Entered an ice cave
  8550 | IceCv    | Reached skill level 10 in Armour
  9036 | IceCv    | Noticed a white draconian
  9060 | IceCv    | Killed a white draconian
  9060 | IceCv    | Reached skill level 10 in Maces & Flails
  9333 | Lair:2   | Reached XP level 13. HP: 83/83 MP: 17/17
  9438 | Lair:2   | Found a staircase to the Shoals.
  9484 | Lair:2   | Received a gift from Okawaru
 10360 | Lair:3   | Found a hole to the Spider Nest.
 10857 | Lair:4   | Received a gift from Okawaru
 11206 | Lair:4   | Reached ****** piety under Okawaru
 11206 | Lair:4   | Gained mutation: Your large and strong wings let you fly
                  | indefinitely. [Gargoyle growth]
 11206 | Lair:4   | Reached XP level 14. HP: 43/90 MP: 20/20
 12204 | Lair:5   | Received a gift from Okawaru
 13044 | Lair:6   | Entered Level 6 of the Lair of Beasts
 13568 | Lair:6   | Received a gift from Okawaru
 14075 | Lair:6   | Reached XP level 15. HP: 97/97 MP: 22/22
 14518 | Lair:6   | Got a warped cloak
 14938 | Lair:6   | Identified the +1 cloak "Qyffauh" {SInv} (You found it on
                  | level 6 of the Lair of Beasts)
 15216 | D:9      | Found Urymuaw's General Store.
 15227 | D:9      | Bought a potion of heal wounds for 60 gold pieces
 15740 | D:10     | Entered Level 10 of the Dungeon
 15785 | D:10     | Noticed Sonja
 15813 | D:10     | Killed Sonja
 15869 | D:10     | Received a gift from Okawaru
 15872 | D:10     | Got a pair of bloodstained gloves {god gift}
 15876 | D:10     | Reached skill level 10 in Invocations
 15965 | D:10     | Identified the +2 pair of gloves of the Last Yaks {rC+}
                  | (Okawaru gifted it to you on level 10 of the Dungeon)
 16232 | D:10     | Noticed Fannar
 16259 | D:10     | Killed Fannar
 16259 | D:10     | Reached skill level 1 in Evocations
 16800 | D:11     | Found a runed translucent door.
 16855 | D:11     | Noticed an orc warlord
 16876 | D:11     | Killed an orc warlord
 17189 | D:11     | Found a staircase to the Orcish Mines.
 17417 | Orc:1    | Entered Level 1 of the Orcish Mines
 18021 | Orc:2    | Entered Level 2 of the Orcish Mines
 18021 | Orc:2    | Noticed an orc warlord
 18039 | Orc:1    | Killed an orc warlord
 18126 | Orc:1    | Received a gift from Okawaru
 18333 | Orc:1    | Got a faintly glowing demon whip {god gift}
 18339 | Orc:1    | Identified the +1 demon whip of Okawaru's Generosity
                  | {drain, rPois Int+4} (Okawaru gifted it to you on level 1
                  | of the Orcish Mines)
 18366 | Orc:2    | Found Xoqoc's General Store.
 18440 | Orc:2    | Reached XP level 16. HP: 93/104 MP: 23/23
 18651 | Orc:2    | Found Innon's Assorted Antiques.
 18660 | Orc:2    | Found Ecran's Antique Armour Shoppe.
 18661 | Orc:2    | Found Riell's Weapon Emporium.
 18663 | Orc:2    | Bought a scroll labeled WIV UVAS EJIU for 30 gold pieces
 18669 | Orc:2    | Bought a faintly humming helmet for 256 gold pieces
 18669 | Orc:2    | Bought a pair of warped gloves for 256 gold pieces
 18733 | Orc:2    | Found a staircase to the Elven Halls.
 19079 | Orc:2    | Received a gift from Okawaru
 19378 | Orc:2    | Identified the +0 helmet of Inference {Dex+2} (You bought
                  | it in a shop on level 2 of the Orcish Mines)
 19388 | Orc:2    | Identified the +2 pair of gloves of Hedging {rF+ rC+ rN+}
                  | (You bought it in a shop on level 2 of the Orcish Mines)
 19423 | Orc:2    | Got a coiled steel amulet
 19424 | Orc:2    | Identified the amulet of Suvutais {Faith rF+} (You acquired
                  | it on level 2 of the Orcish Mines)
 19542 | D:12     | Reached skill level 10 in Dodging
 20484 | D:13     | Noticed Urug
 20505 | D:13     | Killed Urug
 20890 | D:13     | Received a gift from Okawaru
 21006 | D:13     | Found a sacrificial altar of Ru.
 21317 | D:13     | Noticed a sphinx
 21327 | D:13     | Paralysed by a sphinx for 2 turns
 21344 | D:13     | Killed a sphinx
 21370 | D:13     | Noticed a tengu reaver
 21390 | D:13     | Killed a tengu reaver
 21390 | D:13     | Reached skill level 5 in Evocations
 21563 | D:13     | Found the +3 giant club "Skullcrusher" {speed, Str+7}
 22003 | D:14     | Noticed Jorgrun
 22279 | D:13     | Killed Jorgrun
 22423 | D:13     | Received a gift from Okawaru
 22555 | D:14     | Noticed Roxanne
 22568 | D:14     | You are sucked into a shaft!
 22568 | D:15     | Entered Level 15 of the Dungeon
 22605 | D:15     | Reached XP level 17. HP: 111/111 MP: 24/24
 22606 | D:15     | Found a staircase to the Depths.
 22685 | D:15     | Noticed Kirke
 22706 | D:15     | Killed Kirke
 22727 | D:15     | Noticed Azrael
 22744 | D:15     | Killed Azrael
 23371 | D:15     | Found a blossoming altar of Fedhas.
 23566 | D:14     | Killed Roxanne
 23629 | D:14     | Found a gate to the Vaults.
 23680 | D:14     | Got a bloodstained halberd
 23921 | D:14     | Found a bloodstained altar of Trog.
 24205 | Shoals:1 | Entered Level 1 of the Shoals
 24361 | Shoals:1 | Found a runed translucent gate.
 24364 | Shoals:1 | Found a runed translucent gate.
 24365 | Shoals:1 | Found a runed translucent gate.
 24407 | Shoals:1 | Got a smelly leather armour
 24442 | Shoals:1 | Noticed Iseqoh's ghost (adept DDFi)
 24481 | Shoals:1 | Killed Iseqoh's ghost
 24481 | Shoals:1 | Received a gift from Okawaru
 24560 | Shoals:1 | Found a transporter.
 24649 | Shoals:1 | Found a transporter.
 24661 | Shoals:1 | Gained mutation: You are dopey. (Int -2) [the power of Zot]
 24685 | Shoals:1 | Gained mutation: Armour fits poorly on your strangely
                  | shaped body. [mutagenic glow]
 24751 | Shoals:1 | Got a smoking silver amulet
 24765 | Shoals:1 | Got a faintly glowing tin ring
 25767 | Shoals:2 | Identified the cursed +1 leather armour of Eplaen {rElec
                  | rF- Int+3 Slay+3} (You found it on level 1 of the Shoals)
 25772 | Shoals:2 | Identified the ring of Mutucic {Fire +Blink} (You found it
                  | on level 1 of the Shoals)
 25795 | Shoals:2 | Identified the amulet "Ducroen" {Reflect +Fly Str+2 Dex+4
                  | SH+5} (You found it on level 1 of the Shoals)
 25898 | Shoals:2 | Identified the +7 halberd of Woabbirch {drain, *Noise
                  | Dex+6} (You found it on level 14 of the Dungeon)
 26027 | Shoals:2 | Got a twisted mace
 26401 | Shoals:2 | Noticed a titan
 26461 | Shoals:2 | Killed a titan
 26949 | Shoals:3 | Noticed Polyphemus
 26975 | Shoals:3 | HP: 3/112 [Polyphemus (23)]
 26975 | Shoals:3 | Mangled by Polyphemus

Skill      XL: |  1  2  3  4  5  6  7  8  9 10 11 12 13 14 15 16 17 |
---------------+----------------------------------------------------+-----
Maces & Flails | 3 4 5 6 7 8 9 10 11 12 13 | 13.7
Shields        | 4 5 6 7 8 9 10 11 12 13 14 | 14.7
Fighting       | 4 5 6 7 8 9 10 11 12 13 14 | 14.6
Armour         | 4 6 7 8 9 10 11 12 13 14 | 14.5
Dodging        | 2 3 4 5 6 7 8 9 10 11 | 11.1
Invocations    | 2 4 6 8 9 10 | 10.0
Evocations     | 3 5 7 |  7.1

Action                   |  1- 3 |  4- 6 |  7- 9 | 10-12 | 13-15 | 16-18 || total
-------------------------+-------+-------+-------+-------+-------+-------++-------
Melee: Flail             |   134 |   344 |       |       |       |       ||   478
       Whip              |       |     6 |   146 |   596 |  1855 |  1628 ||  4231
Invok: Heroism           |       |       |       |    15 |    25 |    22 ||    62
       Finesse           |       |       |       |     6 |     8 |     5 ||    19
 Abil: Fly               |       |       |       |       |     1 |       ||     1
  Use: Scroll            |       |       |       |    12 |    16 |     7 ||    35
       Potion            |       |       |       |     4 |     1 |     2 ||     7
  Eat: Chunk             |       |     7 |     8 |    13 |    33 |    28 ||    89
       Ration            |       |       |       |       |       |     1 ||     1
Armor: Scale mail        |    87 |    22 |       |       |       |       ||   109
       Plate armour      |       |   224 |    78 |   218 |   487 |   453 ||  1460
Dodge: Dodged            |    62 |    55 |    25 |   153 |   394 |   319 ||  1008
Block: Shield            |    75 |   213 |    69 |   258 |    57 |       ||   672
       Large shield      |       |       |       |       |  1388 |  1333 ||  2721
       Reflection        |       |       |       |       |       |     9 ||     9
